Map: Last Remnant

Players

CastAway

  • Race: Zerg Zerg
  • League: Silver
  • Spawn Location: 9:00

EternalIce

  • Race: Terran Terran
  • League: Gold
  • Spawn Location: 7:00

woderif

  • Race: Terran Terran
  • League: Silver
  • Spawn Location: 6:00

InviShadow

  • Race: Zerg Zerg
  • League: Gold
  • Spawn Location: 6:00

JaySlays - Winner!

  • Race: Terran Terran
  • Spawn Location: 1:00

Wolf - Winner!

  • Race: Protoss Protoss
  • League: Diamond
  • Spawn Location: 12:00

MarineKing - Winner!

  • Race: Terran Terran
  • Spawn Location: 12:00

kaiserIV - Winner!

  • Race: Protoss Protoss
  • Spawn Location: 3:00

VOD

Have the link to the VOD?

Description

Time

  • Played on: April 16, 2018, 9:32 p.m.
  • Length: 5:25
Show
View Real Time Build Order
Export as new Build Order

CastAway Zerg 

Build Orders: Pool First 

Get SALT Encoding   

  12  0:04  Drone  
  13  0:18  Drone  
  14  0:22  Extractor  
  14  0:23  Overlord  
  14  0:24  Drone  
  14  0:47  Drone  
  14  0:48  Drone  
  16  0:52  Spawning Pool  
  15  0:57  Drone  
  16  1:36  Drone x3  
  19  1:41  Queen  
  19  1:46  Metabolic Boost  
  21  1:50  Drone  
  22  2:11  Overlord  
  22  2:16  Hatchery  
  21  2:24  Extractor  
  21  2:26  Drone x2  
  22  2:34  Zergling x2  
  23  2:47  Drone  
  24  2:53  Baneling Nest  
  24  3:11  Hatchery  
  23  3:13  Zergling x6  
  23  3:14  Zergling x2  
  27  3:24  Queen  
  27  3:25  Overlord  
  24  3:48  Zergling x6  
  27  4:11  Baneling x2  
  27  4:12  Baneling x2  
  27  4:13  Baneling  
  27  4:17  Lair  
  24  4:34  Zergling x10  
  27  4:58  Zergling x8  
Show
View Real Time Build Order
Export as new Build Order

EternalIce Terran 

Build Orders: Mech 

Get SALT Encoding   

  12  0:02  SCV  
  13  0:15  Supply Depot  
  13  0:18  SCV  
  14  0:33  SCV  
  15  0:39  Barracks  
  15  0:45  SCV  
  16  0:57  SCV  
  16  0:58  Refinery  
  17  1:09  SCV  
  18  1:17  Refinery  
  18  1:21  SCV  
  19  1:33  SCV  
  20  1:45  Command Center  
  20  1:52  Orbital Command  
  20  2:06  Factory  
  20  2:09  Barracks Reactor  
  20  2:19  SCV  
  21  2:47  SCV  
  22  2:53  Factory  
  22  2:59  Factory, SCV  
  22  3:02  Armory  
  23  3:09  Supply Depot  
  23  3:10  Supply Depot  
  23  3:11  SCV  
  24  3:21  Hellion  
  24  3:23  SCV  
  24  3:24  SCV  
  28  3:33  Hellion  
  30  3:42  Hellion  
  32  3:48  Factory Reactor  
  32  3:50  Factory Tech Lab  
  32  3:57  Hellion  
  34  4:03  Hellion  
  26  4:39  Cyclone x3  
  26  4:42  Hellion  
  39  4:47  Supply Depot  
  39  4:52  Siege Tank  
  40  5:03  Hellion  
Show
View Real Time Build Order
Export as new Build Order

woderif Terran 

Build Orders:  

Get SALT Encoding   

  12  0:08  SCV  
  13  0:20  SCV  
  14  0:21  Refinery  
  14  0:32  SCV  
  15  0:40  Supply Depot  
  15  0:42  Refinery  
  15  1:02  SCV  
  16  1:06  Barracks  
  16  1:14  SCV  
  17  1:26  SCV  
  18  1:38  SCV  
  18  1:39  Supply Depot  
  19  1:50  SCV  
  20  2:02  Supply Depot, Barracks Reactor  
  20  2:03  SCV  
  20  2:07  Factory  
  21  2:15  SCV  
  22  2:27  SCV  
  23  2:38  Supply Depot  
  23  2:39  Reaper x2, SCV  
  26  2:51  Factory Tech Lab  
  26  2:52  Barracks  
  26  3:01  Orbital Command  
  26  3:10  Barracks  
  26  3:30  Marine  
  26  3:31  Marine  
  28  3:35  Siege Tank  
  30  3:53  Marine x2  
  32  4:07  Siege Tank, Barracks Reactor  
  35  4:11  Marine x2  
  30  4:37  Barracks Reactor  
Show
View Real Time Build Order
Export as new Build Order

InviShadow Zerg 

Build Orders: Pool First 

Get SALT Encoding   

  12  0:04  Drone  
  13  0:08  Drone  
  13  0:14  Extractor  
  13  0:30  Spawning Pool  
  12  0:38  Overlord  
  12  0:46  Drone  
  13  0:52  Drone  
  14  1:04  Drone x2  
  16  1:17  Metabolic Boost  
  16  1:25  Queen  
  18  1:35  Zergling x4  
  18  1:38  Zergling x2  
  21  1:52  Overlord  
  21  2:10  Zergling x4  
  23  2:22  Drone  
  24  2:27  Spine Crawler  
  24  2:29  Hatchery  
  22  2:42  Spine Crawler  
  20  2:50  Drone x4  
  24  2:58  Drone  
  25  3:11  Overlord  
  25  3:22  Roach Warren  
  25  3:23  Overlord  
  25  3:25  Zergling x4  
  25  3:52  Zergling x8  
  21  4:33  Drone x3, Queen  
  25  4:40  Extractor, Roach x3  
  30  4:53  Roach x2  
  34  5:00  Roach  
  34  5:05  Roach  
Show
View Real Time Build Order
Export as new Build Order

JaySlays Terran - Winner!

Build Orders: MMM Bio 

Get SALT Encoding   

  12  0:01  SCV  
  13  0:13  SCV  
  14  0:21  Supply Depot  
  14  0:25  SCV  
  15  0:43  SCV  
  15  0:44  Barracks  
  16  0:52  Refinery  
  16  0:55  SCV  
  17  1:07  SCV  
  18  1:18  Barracks  
  18  1:19  SCV  
  19  1:27  Refinery  
  19  1:31  SCV  
  19  1:32  Supply Depot  
  20  1:36  Barracks Reactor  
  21  1:48  Orbital Command  
  20  2:04  Barracks  
  20  2:07  Barracks Tech Lab  
  20  2:14  SCV  
  21  2:19  Marine x2  
  23  2:25  Stimpack  
  23  2:31  Supply Depot  
  23  2:36  Marauder  
  25  2:41  SCV  
  26  2:51  Barracks Tech Lab  
  26  2:53  SCV  
  26  2:55  Marine x2  
  29  3:04  Marine  
  30  3:11  Combat Shields  
  30  3:14  Marine x2  
  30  3:15  Marine  
  33  3:23  Supply Depot  
  33  3:26  Marauder  
  35  3:43  Marine x3  
  35  3:47  Marauder  
  40  4:01  Marine x2  
  40  4:02  Marauder  
  44  4:08  Marine  
  43  4:18  Marine  
  43  4:19  Marine  
  43  4:22  Marine  
  46  4:26  Supply Depot, Marine  
  47  4:47  Marine x3  
  47  4:48  Marauder  
  47  4:49  Barracks, Supply Depot  
Show
View Real Time Build Order
Export as new Build Order

Wolf Protoss - Winner!

Build Orders:  

Get SALT Encoding   

  12  0:01  Probe  
  13  0:13  Probe  
  14  0:18  Pylon  
  14  0:25  Probe  
  15  0:38  Gateway  
  15  0:39  Probe (Chrono Boost)  
  16  0:45  Assimilator  
  16  0:51  Probe (Chrono Boost)  
  17  0:59  Probe (Chrono Boost)  
  18  1:04  Gateway  
  18  1:06  Probe  
  19  1:14  Assimilator  
  19  1:28  Cybernetics Core  
  19  1:30  Probe  
  20  1:49  Probe  
  20  1:50  Gateway  
  21  2:00  Gateway  
  21  2:01  Probe  
  21  2:04  Warp Gate  
  22  2:24  Pylon  
  22  2:35  Pylon  
  22  2:42  Stalker x2 (Chrono Boost)  
  28  2:51  Stalker (Chrono Boost)  
  30  3:00  Stalker (Chrono Boost)  
  30  3:05  Stalker (Chrono Boost)  
  30  3:08  Stalker (Chrono Boost)  
  34  3:18  Stalker  
  36  3:27  Stalker  
  38  4:27  Pylon  
  36  4:41  Stalker  
  38  4:48  Stalker x2  
  38  4:49  Stalker  
  38  4:50  Robotics Facility  
Show
View Real Time Build Order
Export as new Build Order

MarineKing Terran - Winner!

Build Orders:  

Get SALT Encoding   

  12  0:01  SCV  
  13  0:13  SCV  
  14  0:18  Supply Depot  
  14  0:25  SCV  
  15  0:41  Barracks  
  15  0:46  SCV  
  16  0:58  SCV  
  16  1:01  Barracks  
  17  1:13  SCV  
  17  1:17  Barracks  
  19  1:28  Barracks  
  18  1:36  Barracks  
  18  1:39  Marine  
  19  1:49  Marine  
  20  1:55  Supply Depot  
  20  2:00  Marine  
  21  2:14  Marine, Orbital Command  
  22  2:16  Marine  
  22  2:19  Marine  
  22  2:22  Marine  
  25  2:30  Supply Depot  
  25  2:34  Marine  
  25  2:37  Marine  
  26  2:42  Marine  
  28  2:49  Marine x2  
  30  2:54  Supply Depot  
  30  2:59  Marine x2  
  30  3:02  Marine  
  33  3:07  Marine  
  33  3:09  Marine  
  35  3:17  Marine, Refinery  
  36  3:21  Supply Depot  
  31  3:37  Marine x3  
  30  3:51  Marine x2  
  30  3:55  Marine  
  29  4:01  Marine x2  
  29  4:08  Marine  
  29  4:09  Marine  
  31  4:18  Marine x2  
  31  4:19  Marine  
  33  4:30  Marine  
  33  4:32  Marine  
  33  4:36  Marine  
  33  4:38  Marine x2  
  34  4:42  SCV  
  36  4:55  Marine x3  
  37  5:06  Marine x2  
Show
View Real Time Build Order
Export as new Build Order

kaiserIV Protoss - Winner!

Build Orders:  

Get SALT Encoding   

  12  0:03  Probe  
  13  0:15  Probe  
  14  0:23  Pylon  
  14  0:27  Probe  
  15  0:41  Probe (Chrono Boost)  
  16  0:45  Gateway  
  16  0:47  Assimilator  
  17  0:51  Probe (Chrono Boost)  
  17  0:56  Probe (Chrono Boost)  
  18  1:07  Probe (Chrono Boost)  
  19  1:16  Probe (Chrono Boost)  
  19  1:17  Assimilator  
  20  1:18  Pylon  
  20  1:22  Probe  
  21  1:35  Cybernetics Core  
  21  1:36  Probe  
  22  1:48  Probe  
  23  2:14  Robotics Facility  
  23  2:17  Robotics Facility  
  23  2:19  Pylon  
  23  2:23  Stalker  
  25  2:54  Zealot  
  25  2:57  Probe  
  28  2:59  Immortal (Chrono Boost)  
  28  3:01  Immortal (Chrono Boost)  
  36  3:09  Probe  
  37  3:22  Nexus  
  35  3:43  Immortal  
  39  4:08  Forge  
  39  4:11  Pylon  
  39  4:15  Stalker  
  39  4:42  Immortal x2  
  39  4:44  Probe x2 (Chrono Boost)  
  51  4:53  Probe x2 (Chrono Boost)  
Tags
 
Add a new tag
Caveats
  • Supply blocks, unpowered buildings, or Contaminate may cause inaccurate times.
  • Supply counts are checked every 10 seconds.